 Dungeon Crawl Stone Soup version 0.23.2-1-ga50397a6bc (webtiles) character file.

Game seed: 1895043043692571269

493 Mrkan the Chopper (level 7, 0/61 HPs)
             Began as a Hill Orc Monk on May 18, 2019.
             Splashed by a jelly's acid (11 damage)
             ... on level 4 of the Dungeon.
             The game lasted 00:07:48 (3740 turns).

Mrkan the Chopper (Hill Orc Monk)                   Turns: 3740, Time: 00:07:48

Health: 0/61       AC: -8    Str: 16    XL:     7   Next: 15%
Magic:  7/7        EV:  5    Int: 10    God:
Gold:   213        SH:  8    Dex: 13    Spells: 6/6 levels left

rFire    . . .     SeeInvis .   a - +0 hand axe
rCold    . . .     Gourm    .   k - +0 shield
rNeg     . . .     Faith    .   t - +0 chain mail
rPois    .         Spirit   .   o - +0 helmet
rElec    .         Reflect  .   (no cloak)
rCorr    .         Harm     .   (no gloves)
MR       .....                  q - +0 pair of boots
Stlth    ..........             (no amulet)
HPRegen  0.20/turn              (no ring)
MPRegen  0.10/turn              (no ring)

@: corroded
A: no striking features
a: no special abilities


You were on level 4 of the Dungeon.
You were very hungry.

You visited 1 branch of the dungeon, and saw 5 of its levels.

You collected 213 gold pieces.

Inventory:

Hand Weapons
 a - a +0 hand axe (weapon)
Armour
 k - a +0 shield (worn)
 o - a +0 helmet (worn)
 q - a +0 pair of boots (worn)
 t - a +0 chain mail (worn)
Jewellery
 f - an uncursed amulet of rage {unknown}
 j - an uncursed ring of ice {unknown}
 l - a cursed amulet of inaccuracy {unknown}
 u - a +5 ring of strength {unknown}
Wands
 r - a wand of random effects (15)
Scrolls
 d - 2 scrolls of teleportation {unknown}
 e - a scroll of random uselessness {unknown}
 h - 4 scrolls of remove curse {unknown}
 p - 7 scrolls of identify {unknown}
 v - a scroll of immolation {unknown}
 w - a scroll of enchant armour {unknown}
Potions
 b - a potion of lignification {unknown}
 g - a potion of haste {unknown}
 i - a potion of invisibility {unknown}
 m - 3 potions of mutation {unknown}
 n - a potion of might {unknown}
 s - 5 potions of curing
 x - a potion of flight {unknown}
Comestibles
 c - 4 rations


   Skills:
 + Level 5.4 Fighting
 * Level 7.4 Axes
 + Level 3.4 Armour
 - Level 2.4 Dodging
 - Level 1.5 Stealth
 + Level 2.6 Shields


You had 6 spell levels left.
You didn't know any spells.
Your spell library was empty.

Dungeon Overview and Level Annotations

Branches:
Dungeon (5/15)             Temple (0/1) D:4

Altars:
Fedhas
Ru
Trog
Vehumet

Shops:
D:4 }

Annotations:
D:4 1 runed translucent door, voshxz's ghost, amateur DESu
D:5 Sigmund


Message History

You kill the jelly!
You hit the jelly but do no damage.
Your hands burn!
The jelly hits you.
You are splashed with acid!
* * * LOW HITPOINT WARNING * * *
You open the door. The jelly hits you.
* * * LOW HITPOINT WARNING * * *
The acid corrodes you!
You are splashed with acid.
* * * LOW HITPOINT WARNING * * *
There is an open door here.
There is an open door here.
The jelly barely misses you.
There is a stone staircase leading up here.
You block the jelly's attack.
You climb upwards.
Level annotation: 1 runed translucent door, voshxz's ghost, amateur DESu
There is a stone staircase leading down here.
The jelly hits you.
* * * LOW HITPOINT WARNING * * *
The acid corrodes you!
You are splashed with acid!
You die...

#.# #.#.# #<# #.#
#.######.#.###.## #.#
#..........##.#.#####.####
#.####.......###..........
#.# #.#.####.#.#####.####
#.# #.#.# ##.## #.#
#.####.#># #.# #.#
#......#J#####.# #.#
########.@.....### #.#
#.......(.# #.#
######.##.# #.#
#######.##.# #.#
#.......##.####.####
#(###.#.##..........
#.###'#########....#
#.#≈≈.≈≈# ####..
#.#≈8.8≈############


You could see a jelly.

Vanquished Creatures
  A centaur (D:3)
  Blork the orc (D:4)
  A bullfrog (D:3)
  A jelly (D:5)
  Natasha (thrice) (D:2)
  2 iguanas (D:4)
  A worker ant (D:5)
  A howler monkey zombie (D:4)
  2 adders
  3 oozes
  A worm (D:3)
  A leopard gecko (D:2)
  5 orcs (D:4)
  4 bats
  3 giant cockroaches
  9 goblins
  11 hobgoblins
  2 jackals (D:4)
  2 quokkas
  3 frilled lizards
  3 kobolds
  10 rats
70 creatures vanquished.

Vanquished Creatures (others)
  A goblin (D:2)
1 creature vanquished.

Grand Total: 71 creatures vanquished

Notes
Turn   | Place    | Note
-------+----------+-------------------------------------------
     0 | D:1      | Mrkan the Hill Orc Monk began the quest for the Orb.
     0 | D:1      | Reached XP level 1. HP: 19/19 MP: 1/1
   286 | D:1      | Reached XP level 2. HP: 11/27 MP: 2/2
   795 | D:1      | Reached skill level 1 in Armour
   955 | D:2      | Reached XP level 3. HP: 33/33 MP: 3/3
   960 | D:2      | Noticed Natasha
   972 | D:2      | Killed Natasha
   972 | D:2      | Reached skill level 5 in Axes
  1048 | D:2      | Noticed Natasha
  1074 | D:2      | Killed Natasha
  1074 | D:2      | Reached XP level 4. HP: 35/41 MP: 4/4
  1096 | D:2      | Found a sacrificial altar of Ru.
  1170 | D:2      | Found a radiant altar of Vehumet.
  1310 | D:2      | Noticed Natasha
  1330 | D:2      | Killed Natasha
  1609 | D:3      | Reached XP level 5. HP: 40/47 MP: 5/5
  1702 | D:3      | Found a blossoming altar of Fedhas.
  1713 | D:3      | Reached skill level 1 in Shields
  1892 | D:3      | Noticed a moth of wrath
  1895 | D:3      | Found a bloodstained altar of Trog.
  1898 | D:3      | Reached skill level 6 in Axes
  1945 | D:3      | Noticed a centaur
  1966 | D:3      | Killed a centaur
  1966 | D:3      | Reached XP level 6. HP: 20/55 MP: 6/6
  2435 | D:4      | Noticed Blork the orc
  2503 | D:3      | Reached skill level 5 in Fighting
  2715 | D:4      | Killed Blork the orc
  2715 | D:4      | Reached skill level 7 in Axes
  2815 | D:4      | Found Ysi Kutz's Gadget Shoppe.
  2937 | D:4      | Found a staircase to the Ecumenical Temple.
  3195 | D:4      | Found a runed translucent door.
  3195 | D:4      | Noticed voshxz's ghost (amateur DESu)
  3368 | D:5      | Entered Level 5 of the Dungeon
  3375 | D:5      | Reached XP level 7. HP: 46/61 MP: 7/7
  3424 | D:5      | Noticed Sigmund
  3740 | D:4      | Splashed by a jelly's acid

Skill      XL: |  1  2  3  4  5  6 |
---------------+-------------------+-----
Armour         | 1 2 3 |  3.4
Fighting       | 4 5 |  5.4
Axes           | 5 6 7 |  7.4
Shields        | 1 2 |  2.6
Dodging        | |  2.4
Stealth        | |  1.5

Action                   |  1- 3 |  4- 6 |  7- 9 || total
-------------------------+-------+-------+-------++-------
Melee: Hand axe          |    73 |   270 |    26 ||   369
 Stab: Sleeping          |     6 |       |       ||     6
  Eat: Chunk             |       |     5 |       ||     5
       Ration            |       |     1 |       ||     1
Armor: Robe              |    18 |    10 |       ||    28
       Chain mail        |       |    83 |    16 ||    99
Dodge: Dodged            |    43 |    48 |     6 ||    97
Block: Shield            |       |    94 |     6 ||   100
